 Dungeon Crawl Stone Soup version 0.29.1-2-gbd0b4ee654 (webtiles) character file.

Game seed: 2592314360215478814

67 qeuew the Ducker (level 4, 0/31 HPs)
             Began as a Djinni Hedge Wizard on Nov 3, 2022.
             Slain by Grinder (4 damage)
             ... on level 3 of the Dungeon.
             The game lasted 00:03:52 (3197 turns).

qeuew the Ducker (Djinni Hedge Wizard)              Turns: 3197, Time: 00:03:53

Health: 0/31       AC:  0    Str:  9    XL:     4   Next: 38%
Gold:   94         EV: 20    Int: 18    God:
                   SH:  0    Dex: 17

rFire   . . .      SeeInvis .   (weapon currently unavailable)
rCold   . . .      Faith    .   (shield currently unavailable)
rNeg    . . .      Spirit   .   (body armour currently unavailable)
rPois   ∞          Reflect  .   (helmet currently unavailable)
rElec   .          Harm     .   (cloak currently unavailable)
rCorr   .          Rampage  .   (gloves currently unavailable)
Will    .....                   (boots unavailable)
Stlth   ++........              (no amulet)
HPRegen 0.10/turn               (ring currently unavailable)
MPRegen 0.00/turn               (ring currently unavailable)

@: bat-form, flying, very quick
A: fast, flying, no casting, sickness immunity, tiny, (fire resistance 2), (cold
vulnerability 1), float, innate caster, HP casting, extra vitality 1
a: no special abilities


You were on level 3 of the Dungeon.
You were a bat.
You visited 1 branch of the dungeon, and saw 3 of its levels.

You collected 94 gold pieces.

Inventory:

Hand Weapons
 d - a +1 dagger of speed (melded)
Armour
 b - a +0 robe (melded)
 c - a +1 hat (melded)
Jewellery
 e - a ring of fire
Scrolls
 i - 2 scrolls of teleportation
Potions
 a - 4 potions of curing
 k - a potion of heal wounds


   Skills:
 + Level 3.2 Dodging
 + Level 2.5 Stealth
 + Level 2.9 Spellcasting


You couldn't memorise any spells.
You knew the following spells:

 Your Spells              Type           Power      Damage    Failure   Level
a - Magic Dart            Conj           52%        1d5       4%          1
b - Blink                 Tloc           26%        N/A       8%          2
c - Call Imp              Summ           13%        N/A       8%          2
d - Slow                  Hex            52%        N/A       4%          1
e - Conjure Flame         Conj/Fire      13%        6-21      14%         3
f - Mephitic Cloud        Conj/Pois/Air  13%        N/A       14%         3
g - Summon Small Mammal   Summ           52%        N/A       4%          1
Your spell library was empty.

Dungeon Overview and Level Annotations

Branches:
Dungeon (3/15)

Altars:

Annotations:
D:3 Grinder


Innate Abilities, Weirdness & Mutations

You are a bat.
You are tiny and dextrous.
You move quickly.
You are flying.
Your equipment is almost entirely melded.
You are incapable of wielding weapons or throwing items.
You cannot cast spells.
You are immune to sickness and miasma.
You are immune to poison.
((Your flesh is very heat resistant. (rF++)))
((You are vulnerable to cold. (rC-)))
You float through the air rather than walking.
You learn spells naturally, not from books.
Your magical power is your life essence.
You have superior vitality. (+4 MHP)


Message History

Grinder is lightly wounded.
Grinder zaps a wand.
You turn into a bat.
Your +1 dagger of speed melds into your body.
Your +1 hat melds into your body.
Your +0 robe melds into your body.
Grinder is nearby!
You can't do that in your present form.
Grinder is nearby!
You can't do that in your present form.
Grinder is nearby!
You can't do that in your present form.
You can't do that in your present form.
Grinder gestures at you. Pain shoots through your body!
Grinder gestures at you.
You barely resist. Grinder barely misses you.
You hit Grinder but do no damage.
Grinder is lightly wounded.
Grinder hits you.
You writhe in agony.
You barely miss Grinder.
Grinder is lightly wounded.
Grinder misses you.
You hit Grinder but do no damage.
Grinder is lightly wounded.
Grinder closely misses you.
You hit Grinder but do no damage.
Grinder is lightly wounded.
You hit Grinder but do no damage.
Grinder is lightly wounded.
Grinder hits you.
You writhe in agony.
You hit Grinder but do no damage.
Grinder is lightly wounded.
Grinder hits you.
* * * LOW HITPOINT WARNING * * *
You writhe in agony.
* * * LOW HITPOINT WARNING * * *
You hit Grinder but do no damage.
Grinder is lightly wounded.
Grinder hits you.
You die...

............+.......#
#...
.#......##.#.......#
#.##
..#......##.##+##+###
#.#
.........##.##....###
#.#
#..###...##[##......#
###
#...........##....#.##
#.#####
..........)...........
.......
#..###..#####..##.###
#.##### .. #..#
##b5...# #.##### .
#..# #.#...... .......
...# #........ #######
##... #....###. ####
#....# #....# .....#
##...# .### .....


You could see Grinder.

Vanquished Creatures
  An adder (D:2)
  A worm (D:2)
  3 dart slugs
  An orc (D:3)
  4 ball pythons
  4 endoplasms
  2 giant cockroaches
  6 goblins
  5 hobgoblins
  A quokka (D:1)
  6 bats
  2 frilled lizards
  4 kobolds
  6 rats
46 creatures vanquished.

Vanquished Creatures (others)
  A plant (D:2)
1 creature vanquished.

Grand Total: 47 creatures vanquished

Notes
Turn   | Place    | Note
-------+----------+-------------------------------------------
     0 | D:1      | qeuew the Djinni Hedge Wizard began the quest for the Orb.
     0 | D:1      | qeuew set off with the following spells memorised: Magic
                  | Dart, Blink, Call Imp, Slow, Conjure Flame, Mephitic Cloud.
     0 | D:1      | Reached XP level 1. HP: 15/15 MP: 0/0
   312 | D:1      | Reached XP level 2. HP: 11/21 MP: 0/0
  1004 | D:1      | Reached XP level 3. HP: 24/25 MP: 0/0
  1004 | D:1      | Learned a level 1 spell: Summon Small Mammal
  1796 | D:2      | Reached skill level 3 in Dodging
  2266 | D:2      | Reached XP level 4. HP: 22/31 MP: 0/0
  2719 | D:2      | Found a faded altar of an unknown god.
  3182 | D:3      | Noticed Grinder
  3197 | D:3      | Slain by Grinder

Illustrated notes

Levels and vault maps discovered:
D:1:      dpeg_arrival_short_road, layout_loops_cross, minivault_11
D:2:      layout_basic, serial_forest, infiniplex_forest_corner_1,
          infiniplex_forest_end_1, infiniplex_forest_clump_small,
          infiniplex_forest_end_2, infiniplex_forest_clump_tiny,
          infiniplex_forest_straight_4, shapermc_ecumenical_altar_venn,
          kennysheep_generic_room_5
D:3:      layout_basic, serial_corexii_hall, corexii_hall_statues_i,
          chequers_hall_statues_y, grunt_ministairs_6,
          minmay_goblin_kobold_house, uniq_grinder

Skill      XL: |  1  2  3 |
---------------+----------+-----
Stealth        | 2 |  2.5
Dodging        | 3 |  3.2
Spellcasting   | |  2.9

Action                   |  1- 3 |  4- 6 || total
-------------------------+-------+-------++-------
Melee: Dagger            |     5 |    12 ||    17
       Unarmed           |       |     7 ||     7
 Cast: Magic Dart        |    99 |    26 ||   125
       Call Imp          |     1 |       ||     1
  Use: Scroll            |     5 |     3 ||     8
       Potion            |     1 |     3 ||     4
Armor: Robe              |     6 |       ||     6
Dodge: Dodged            |    13 |     5 ||    18
